 Dungeon Crawl Stone Soup version 0.21-a0-210-gbfa5647 (webtiles) character file.

406 grisnicke the Poker (level 7, -1/51 HPs)
             Began as a Human Arcane Marksman on Aug 21, 2017.
             Was an Initiate of Yredelemnul.
             Slain by a river rat (8 damage)
             ... summoned by Eustachio
             ... on level 4 of the Dungeon.
             The game lasted 00:33:04 (4812 turns).

grisnicke the Poker (Human Arcane Marksman)         Turns: 4812, Time: 00:33:05

Health: -1/51      AC:  5    Str: 17    XL:     7   Next: 12%
Magic:  8/8        EV: 12    Int: 14    God:    Yredelemnul [......]
Gold:   158        SH:  0    Dex: 13    Spells: 5/8 levels left

rFire    . . .     SeeInvis .   g - +0 trident
rCold    + . .     Gourm    +   (no shield)
rNeg     . . .     Faith    .   y - +0 ring mail
rPois    .         Spirit   .   (no helmet)
rElec    .         Reflect  .   (no cloak)
rCorr    .         Harm     .   (no gloves)
MR       .....                  (no boots)
Stlth    +.........             i - amulet of the gourmand {Gourm, !d}
HPRegen  0.17/turn              C - ring of protection from cold {rC+, !d}
MPRegen  0.11/turn              D - +2 ring of evasion

@: mighty, drained
A: no striking features
a: Renounce Religion


You were on level 4 of the Dungeon.
You worshipped Yredelemnul.
Yredelemnul was noncommittal.
You were full.

You visited 1 branch of the dungeon, and saw 4 of its levels.

You collected 158 gold pieces.

Inventory:

Hand Weapons
 a - a +0 halberd
   (You took it off a gnoll on level 4 of the Dungeon)
 b - a +0 hand crossbow
 g - a +0 trident (weapon)
   (You took it off an orc priest on level 4 of the Dungeon)
 w - a +0 hunting sling
   (You found it on level 1 of the Dungeon)
Missiles
 d - 48 bolts
 h - 59 stones (quivered)
 m - 23 sling bullets
 o - 9 poisoned needles
 z - 14 tomahawks
 F - 13 arrows
Armour
 e - a +0 robe
 y - a +0 ring mail (worn)
   (You took it off a goblin on level 2 of the Dungeon)
 A - a +0 plate armour
   (You found it on level 3 of the Dungeon)
Jewellery
 i - an amulet of the gourmand (around neck) {Gourm, !d}
   (You found it on level 4 of the Dungeon)
 C - a ring of protection from cold (left hand) {rC+, !d}
   (You found it on level 3 of the Dungeon)
 D - a +2 ring of evasion (right hand)
   (You found it on level 3 of the Dungeon)
Scrolls
 n - 2 scrolls of recharging
 q - a scroll of teleportation
 s - a scroll of remove curse
Potions
 j - a potion of cancellation {unknown}
 k - a potion of brilliance
 p - a potion of might
 t - a potion of lignification {!q}
 u - a potion of magic
 v - 2 potions of heal wounds
 G - a potion of curing
Books
 c - a book of Debilitation
Comestibles
 f - 3 bread rations {@e1}
 l - a royal jelly
 r - 2 meat rations {@e2}
 E - 2 fruits


   Skills:
 + Level 2.8(1.8) Fighting
 + Level 4.3(3.2) Polearms
 - Level 2.0(1.0) Crossbows
 - Level 3.1(2.1) Armour
 - Level 2.0(1.0) Dodging
 - Level 1.0(0.0) Spellcasting
 - Level 3.8(2.8) Hexes


You had 5 spell levels left.
You knew the following spells:

 Your Spells              Type           Power        Failure   Level  Hunger
s - Slow                  Hex            #.......     24%         2    ###....
v - Corona                Hex            #......      16%         1    ##.....


Dungeon Overview and Level Annotations

Branches:
Dungeon (4/15)
 Temple: D:4-7

Altars:
Fedhas
Wu Jian
Xom
Yredelemnul

Annotations:
D:4 Eustachio


Message History

The jackal closely misses you.
You closely miss the jackal. The jackal barely misses you. x2
You hit the jackal.
You kill the jackal!
Yredelemnul accepts your kill.
No target in view!
m - 19 sling bullets (gained 5)
You see here a jackal corpse.
m - 21 sling bullets (gained 2)
m - 22 sling bullets (gained 1)
m - 23 sling bullets (gained 1) Eustachio shouts!
You see here a scroll of teleportation.
q - a scroll of teleportation Wield which item (- for none, * to show all)? (? for menu, Esc to quit)
b - a +0 hand crossbow (weapon)
Aim: Eustachio, wielding a rapier of speed and wearing a dyed leather armour You shoot a bolt.
The bolt completely misses Eustachio.
Aim: Eustachio, wielding a rapier of speed and wearing a dyed leather armour You shoot a bolt.
The bolt barely misses Eustachio.
Eustachio mumbles some strange words.
Wield which item (- for none, * to show all)? (? for menu, Esc to quit)
g - a +0 trident (weapon)
You feel very mighty all of a sudden.
The quokka twitches its whiskers.
Eustachio gestures wildly while chanting.
Eustachio blinks!
You hit Eustachio. Eustachio barely misses you.
You barely miss Eustachio. Eustachio closely misses you.
The quokka closely misses you. Eustachio barely misses you.
You closely miss Eustachio. The quokka barely misses you.
Eustachio hits you with a rapier of speed!
You take 7 damage, and have 44/51 hp.
You barely miss Eustachio. The quokka bites you.
Eustachio mumbles some strange words.
Eustachio blinks!
The quokka bites you but does no damage.
You take 1 damage, and have 43/51 hp.
Okay, then.
Wield which item (- for none, * to show all)? (? for menu, Esc to quit)
Okay, then.
Eustachio casts a spell.
Eustachio gestures wildly while chanting.
The river rat disappears in a puff of smoke!
Eustachio hits you with a rapier of speed.
The river rat twitches its whiskers.
You take 1 damage, and have 42/51 hp.
You puncture Eustachio! The quokka barely misses you.
Eustachio barely misses you. The river rat completely misses you.
The quokka bites you but does no damage.
Eustachio hits you but does no damage.
You hit Eustachio. The quokka barely misses you.
The river rat closely misses you. The river rat barely misses you.
Eustachio mumbles some strange words.
You hit Eustachio. The quokka bites you.
The river rat bites you but does no damage.
The river rat bites you.
Eustachio drinks a potion.
Eustachio is healed!
The quokka twitches its whiskers.
The quokka bites you but does no damage.
You take 8 damage, and have 34/51 hp.
You closely miss Eustachio. The river rat bites you.
The river rat barely misses you.
Eustachio gestures wildly while chanting.
Eustachio blinks!
The quokka barely misses you.
You take 4 damage, and have 30/51 hp.
Attack whom?
Aim: Eustachio, wielding a rapier of speed and wearing a dyed leather armour (moderately wounded)
The river rat is in the way.
You barely miss the river rat.
The bat hits you but does no damage. x2; The river rat completely misses you.
The river rat bites you. The quokka bites you. The river rat bites you.
You take 6 damage, and have 24/51 hp.
You barely miss Eustachio. The quokka barely misses you.
The river rat barely misses you.
Eustachio mumbles some strange words.
The white imp hits you. The white imp freezes you. You resist.
The quokka barely misses you.
The river rat bites you but does no damage.
The river rat bites you.
You take 7 damage, and have 17/51 hp.
You closely miss Eustachio.
Eustachio hits you with a rapier of speed.
The white imp hits you but does no damage.
The quokka bites you but does no damage.
The river rat closely misses you.
Eustachio hits you with a rapier of speed.
* * * LOW HITPOINT WARNING * * *
The river rat bites you.
* * * LOW HITPOINT WARNING * * *
You take 7 damage, and have 10/51 hp.
You hit Eustachio. The white imp hits you.
* * * LOW HITPOINT WARNING * * *
The white imp freezes you. You resist.
* * * LOW HITPOINT WARNING * * *
The quokka misses you.
Eustachio mumbles some strange words.
Eustachio blinks!
The river rat bites you!
You die...
Your body rises from the dead as a mindless zombie.

#.# #.# # #.# #.# # #.# #.# # #.#
#.# # #†# ###.###### ###########
####.######....5...####..........
................55.........(.....
...............rr§...............
####.######...b5@r...@#.####.....
# #.# #....###....#.# #.####
####.### #....# #....#.# #.#
.......## #....##........ #.#
######..# ###.###........ #.#
##.## #. #......... ..# # #..#
#......... ### ### ##.# #.
....... ..# #.## #.#


You could see Eustachio, an iron imp, a crimson imp, 2 river rats, a white imp,
an ufetubus, a quokka and a bat.

Vanquished Creatures
  Sigmund (D:3)
  A hound (D:4)
  An orc priest (D:4)
  3 gnolls (D:4)
  7 adders
  2 oozes
  4 worms
  A leopard gecko (D:3)
  3 orcs (D:4)
  5 bats
  3 giant cockroaches
  5 goblins
  8 hobgoblins
  9 jackals
  2 ball pythons
  7 frilled lizards
  8 kobolds
  5 rats
75 creatures vanquished.

Notes
Turn   | Place    | Note
-------+----------+-------------------------------------------
     0 | D:1      | grisnicke the Human Arcane Marksman began the quest for the Orb.
     0 | D:1      | Reached XP level 1. HP: 15/15 MP: 2/2
   189 | D:1      | Reached XP level 2. HP: 21/21 MP: 1/3
   245 | D:1      | Learned a level 2 spell: Slow
   780 | D:1      | Reached XP level 3. HP: 27/27 MP: 4/4
   863 | D:2      | Reached skill level 1 in Polearms
   972 | D:2      | Found a faded altar of an unknown god.
  1591 | D:2      | Found an ornate altar of the Wu Jian Council.
  1626 | D:2      | Reached XP level 4. HP: 23/33 MP: 5/5
  2056 | D:2      | Found a shimmering altar of Xom.
  2186 | D:3      | Reached skill level 1 in Armour
  2381 | D:3      | Noticed Sigmund
  2390 | D:3      | grisnicke: ??lignification
  2390 | D:3      | beem: potion of lignification[1/2]: Causes temporary uncancellable (but cancellationable!) {tree form}.
  2390 | D:3      | grisnicke: ??lignification[1]
  2390 | D:3      | beem: potion of lignification[1/2]: Causes temporary uncancellable (but cancellationable!) {tree form}.
  2390 | D:3      | grisnicke: ??lignification[2]
  2390 | D:3      | beem: tree form[1/3]: Immobile form with -Tele, +50% HP, 20 + XL/2 AC, minimal EV, rN+++, rPois, torment immunity, and gives +12 base UC damage. Unlike statue form, tree form does NOT give rot or poison immunity.
  2406 | D:3      | Killed Sigmund
  2406 | D:3      | Reached skill level 3 in Polearms
  2406 | D:3      | Reached skill level 2 in Armour
  2406 | D:3      | Reached XP level 5. HP: 23/38 MP: 3/6
  2406 | D:3      | Reached XP level 6. HP: 27/44 MP: 3/7
  2708 | D:3      | Reached skill level 3 in Armour
  3504 | D:4      | Reached skill level 2 in Fighting
  3521 | D:4      | Found a basalt altar of Yredelemnul.
  3658 | D:4      | HP: 9/44 [orc priest/trident (7)]
  3708 | D:4      | Became a worshipper of Yredelemnul the Dark
  3847 | D:4      | Reached skill level 4 in Polearms
  4142 | D:4      | Noticed an ogre
  4374 | D:4      | Reached XP level 7. HP: 32/51 MP: 8/8
  4543 | D:4      | Found a blossoming altar of Fedhas.
  4589 | D:4      | Noticed Eustachio
  4811 | D:4      | HP: 10/51 [river rat[Eustachio] (4)]
  4812 | D:4      | Slain by a river rat

Vault maps used:
D:1:      zelgadis_glass_arrival_small, serial_forest,
          infiniplex_forest_clump_tiny, infiniplex_forest_lined_corner,
          infiniplex_forest_lined_3, infiniplex_forest_straight_2,
          infiniplex_forest_zigzag_1, infiniplex_forest_zigzag_1
D:2:      lemuel_round_altar, tgw_xom, chequers_ecumenical_altar_simple_redux,
          minivault_11
D:3:      uniq_sigmund
D:4:      overflow_temple_1_default, kennysheep_little_box, uniq_eustachio

Skill      XL: |  1  2  3  4  5  6 |
---------------+-------------------+-----
Polearms       | 1 3 4 |  4.3
Armour         | 2 3 |  3.1
Fighting       | 2 |  2.8
Crossbows      | |  2.0
Dodging        | |  2.0
Spellcasting   | |  1.0
Hexes          | |  3.8

Action                   |  1- 3 |  4- 6 |  7- 9 || total
-------------------------+-------+-------+-------++-------
Melee: Spear             |    94 |    78 |       ||   172
       Trident           |       |    25 |    20 ||    45
       Halberd           |       |     7 |     4 ||    11
 Fire: Hand crossbow     |    61 |    26 |     6 ||    93
       Hunting sling     |       |    27 |    16 ||    43
Throw: Stone             |     4 |     2 |       ||     6
 Cast: Corona            |     5 |     2 |       ||     7
       Slow              |       |     1 |       ||     1
  Use: Scroll            |       |    11 |       ||    11
       Potion            |       |     3 |     1 ||     4
  Eat: Chunk             |     2 |    11 |     4 ||    17
       Royal jelly       |       |     1 |       ||     1
Armor: Robe              |    13 |       |       ||    13
       Ring mail         |       |    42 |    18 ||    60
Dodge: Dodged            |    64 |    75 |    52 ||   191

Table legend:
 A = Spawn XP
 B = Non-spawn XP
 C = Spawn XP percentage of total XP
 D = Spawn monster count
 E = Non-spawn monster count
 F = Spawn count percentage of total count
 G = Total turns spent on level
                    A         B        C        D         E        F      G
               +---------+---------+-------+---------+---------+-------+---------
         Total |     112 |     469 |  19.3 |      14 |      61 |  18.7 |  4812
               +---------+---------+-------+---------+---------+-------+---------
           D:1 |       5 |      25 |  16.7 |       3 |      14 |  17.6 |   789
           D:2 |       8 |      57 |  12.3 |       4 |      24 |  14.3 |  1390
           D:3 |       4 |     317 |   1.2 |       2 |      13 |  13.3 |  1247
           D:4 |      95 |      70 |  57.6 |       5 |      10 |  33.3 |  1386
               +---------+---------+-------+---------+---------+-------+---------

Vault maps used:
D:1:      zelgadis_glass_arrival_small, serial_forest,
          infiniplex_forest_clump_tiny, infiniplex_forest_lined_corner,
          infiniplex_forest_lined_3, infiniplex_forest_straight_2,
          infiniplex_forest_zigzag_1, infiniplex_forest_zigzag_1
D:2:      lemuel_round_altar, tgw_xom, chequers_ecumenical_altar_simple_redux,
          minivault_11
D:3:      uniq_sigmund
D:4:      overflow_temple_1_default, kennysheep_little_box, uniq_eustachio

Table legend:
 A = Turns spent in this place as a percentage of turns spent in the entire game.
 B = Non-inter-level travel turns spent in this place as a percentage of non-inter-level travel turns spent in the entire game.
 C = Inter-level travel turns spent in this place as a percentage of turns spent in this place.
 D = Turns resting spent in this place as a percentage of non-inter-level travel turns spent in this place.
 E = Turns spent auto-exploring this place as a percentage of non-inter-level travel turns spent in this place.
 F = Non-inter-level travel turns spent in this place divided by the number of levels of this place that you've seen.
                   A       B       C       D       E      F
               +-------+-------+-------+-------+-------+----------------------
         Total | 100.0 | 100.0 |   3.0 |  16.0 |  14.6 | 1167.5
       Dungeon | 100.0 | 100.0 |   3.0 |  16.0 |  14.6 | 1167.5
               +-------+-------+-------+-------+-------+----------------------

Table legend:
 A = Kills in this place as a percentage of kills in entire the game.
 B = Kills by you in this place as a percentage of kills by you in the entire game.
 C = Kills by friends in this place as a percentage of kills by friends in the entire game.
 D = Other kills in this place as a percentage of other kills in the entire game.
 E = Experience gained in this place as a percentage of experience gained in the entire game.
 F = Experience gained in this place divided by the number of levels of this place that you have seen.
                   A       B       C       D       E      F
               +-------+-------+-------+-------+-------+----------------------
         Total | 100.0 | 100.0 |  -nan |  -nan | 100.0 | 145.2
       Dungeon | 100.0 | 100.0 |  -nan |  -nan | 100.0 | 145.2
               +-------+-------+-------+-------+-------+----------------------
